 Dungeon Crawl Stone Soup version 0.19-a0-1394-g582fb70 (webtiles) character file.

26581 rageheart7 the Transmogrifier (level 12, -1/51 HPs)
             Began as a Felid Conjurer on Sept 3, 2016.
             Was a High Priest of Vehumet.
             Succumbed to SkyDiva's ghost's poison
             ... on level 9 of the Dungeon.
             The game lasted 01:25:04 (31002 turns).

rageheart7 the Transmogrifier (Felid Conjurer)     Turns: 31002, Time: 01:25:05

Health: -1/51      AC:  6    Str:  6    XL:     12   Next: 99%
Magic:  14/36      EV: 27    Int: 22    God:    Vehumet [*****.]
Gold:   1401       SH:  0    Dex: 16    Spells: 6 memorised, 4 levels left
                                        Lives:  0   Deaths: 3

rFire  + . .     SeeInvis +       - Unarmed
rCold  + + .     Gourm    .     (armour unavailable)
rNeg   . . .     Faith    .     (shield unavailable)
rPois  +         Spirit   +     (helmet unavailable)
rElec  +         Dismiss  .     (cloak unavailable)
rCorr  +         Reflect  .     (gloves unavailable)
MR     +....     Harm     .     (boots unavailable)
Stlth  ++++++....               i - amulet of guardian spirit
                                N - +3 ring of protection
                                r - ring of magical power

@: lethally poisoned (-1 -> -30), resistant, quick
A: no armour, no weapons or thrown items, claws 1, fangs 3, horns 1, see
invisible, carnivore 3, speed 1, shaggy fur 3, electricity resistance, slow
metabolism 1, strong 1, evolution 1, MP-powered wands, sharp paws
a: Renounce Religion


You were on level 9 of the Dungeon.
You worshipped Vehumet.
Vehumet was extremely pleased with you.
You were very full.

You visited 4 branches of the dungeon, and saw 20 of its levels.

You collected 1401 gold pieces.

Inventory:

Jewellery
 d - an uncursed ring of magical power
 e - the ring of Mihippem {rC+ MR++}
   (You found it on level 9 of the Dungeon)

   [ring of protection from cold]

   It protects you from cold.
   It affects your resistance to hostile enchantments.
 i - an amulet of guardian spirit (around neck)
 r - a ring of magical power (left paw)
 N - a +3 ring of protection (right paw)
Wands
 q - a wand of lightning (10/15)
 s - a wand of iceblast (12/15)
 v - a wand of acid (3/15)
 A - a wand of lightning (7/15)
 D - a wand of hasting (6/9)
 H - a wand of paralysis (13/24)
Scrolls
 k - 13 scrolls of remove curse
 n - a scroll of teleportation
 t - 5 scrolls of fog
Potions
 c - 5 potions of agility
 l - a potion of invisibility
 o - a potion of resistance
 p - a potion of might
 C - a potion of haste
 E - 2 potions of brilliance
 G - a potion of flight
Books
 a - a book of Conjurations

   Spells                             Type                      Level
   a - Magic Dart                     Conjuration                  1
   b - Searing Ray                    Conjuration                  2
   c - Dazzling Spray                 Conjuration/Hexes            3
   d - Fulminant Prism                Conjuration/Hexes            4
   e - Iskenderun's Mystic Blast      Conjuration                  4
   f - Iskenderun's Battlesphere      Conjuration/Charms           5
 f - a book of Death

   Spells                             Type                      Level
   a - Corpse Rot                     Necromancy                   2
   b - Sublimation of Blood           Necromancy                   2
   c - Agony                          Necromancy                   5
   d - Dispel Undead                  Necromancy                   5
   e - Excruciating Wounds            Charms/Necromancy            5
   f - Bolt of Draining               Conjuration/Necromancy       5
 g - a book of Burglary

   Spells                             Type                      Level
   a - Swiftness                      Charms/Air                   2
   b - Passwall                       Transmutation/Earth          2
   c - Passage of Golubria            Translocation                4
   d - Lee's Rapid Deconstruction     Earth                        5
   e - Darkness                       Hexes                        6
   f - Invisibility                   Hexes                        6
 w - a Fen Folio

   Spells                             Type                      Level
   a - Corpse Rot                     Necromancy                   2
   b - Stone Arrow                    Conjuration/Earth            3
   c - Leda's Liquefaction            Hexes/Earth                  4
   d - Summon Forest                  Summoning/Translocation      5
   e - Hydra Form                     Transmutation                6
   f - Summon Hydra                   Summoning                    7
 y - a book of Summonings

   Spells                             Type                      Level
   a - Recall                         Summoning/Translocation      3
   b - Aura of Abjuration             Summoning                    5
   c - Summon Demon                   Summoning                    5
   d - Summon Forest                  Summoning/Translocation      5
   e - Summon Mana Viper              Hexes/Summoning              5
   f - Shadow Creatures               Summoning                    6
 F - a book of Enchantments

   Spells                             Type                      Level
   a - Cause Fear                     Hexes                        4
   b - Yara's Violent Unravelling     Hexes/Transmutation          5
   c - Silence                        Hexes/Air                    5
   d - Deflect Missiles               Charms/Air                   6
   e - Haste                          Charms                       6
   f - Discord                        Hexes                        8
 I - a book of Cantrips

   Spells                             Type                      Level
   a - Confusing Touch                Hexes                        1
   b - Animate Skeleton               Necromancy                   1
   c - Summon Small Mammal            Summoning                    1
   d - Apportation                    Translocation                1
Miscellaneous
 z - a fan of gales
Comestibles
 b - 7 meat rations
 m - 2 beef jerkies
 u - a slice of pizza
 x - 7 royal jellies


   Skills:
 - Level 5.2 Fighting
 - Level 11.0 Dodging
 - Level 10.8 Stealth
 - Level 5.5 Unarmed Combat
 + Level 10.9 Spellcasting
 - Level 11.0 Conjurations
   Level 5.1 Hexes
 - Level 4.6 Charms
 - Level 2.2 Necromancy
 - Level 12.1 Transmutations
 - Level 2.1 Air Magic
   Level 1.0 Earth Magic
 * Level 3.4 Poison Magic
 - Level 0.2 Evocations


You had 4 spell levels left.
You knew the following spells:

 Your Spells              Type           Power        Failure   Level  Hunger
a - Bolt of Draining      Conj/Necr      #####.....   3%          5    ####...
b - Iskenderun's Mystic   Conj           ######..     1%          4    #......
c - Hydra Form            Tmut           ######....   8%          6    ######.
d - Venom Bolt            Conj/Pois      #####.....   2%          5    ####...
e - Iskenderun's Battles  Conj/Chrm      #####...     2%          5    ####...
f - Mephitic Cloud        Conj/Pois/Air  #####...     1%          3    None


Dungeon Overview and Level Annotations

Branches:
Dungeon (12/15)            Temple (1/1) D:5            Lair (6/6) D:8
 Shoals (0/4) Lair:3        Snake (0/4) Lair:3        Slime (0/5) Lair:5
    Orc (1/2) D:9

Altars:
Ashenzari
Cheibriados
Dithmenos
Elyvilon
Fedhas
Gozag
Hepliaklqana
Kikubaaqudgha
Makhleb
Nemelex Xobeh
Okawaru
Qazlal
Ru
Sif Muna
Trog
Uskayaw
Vehumet
Xom
Yredelemnul
Zin
The Shining One
Beogh
Jiyva

Shops:
D:10 (

Annotations:
D:5 Pikel
Orc:1 SkyDiva's ghost, journeyman HaFi


Innate Abilities, Weirdness & Mutations

You cannot wear armour.
You are incapable of wielding weapons or throwing items.
You have sharp claws.
You have razor-sharp teeth.
You have supernaturally acute eyesight. (SInv)
You are carnivorous and can eat meat at any time.
You cover ground quickly.
Your thick and shaggy fur keeps you warm. (AC +3, rC+)
You have a slow metabolism.
Your sharp claws are effective at attacking unaware monsters.
You have a pair of small horns on your head.
You are resistant to electric shocks. (rElec)
Your muscles are strong. (Str +2)
You evolve.
You expend magic power (3 MP) to strengthen your wands.


Message History

Unknown command.
Okay, then.
Okay, then.
Okay, then.
You feel magically purged.
* * * LOW HITPOINT WARNING * * *
You feel very sick.
You feel protected.
* * * LOW HITPOINT WARNING * * *
You feel very sick.
Okay, then.
* * * LOW HITPOINT WARNING * * *
You feel very sick.
* * * LOW HITPOINT WARNING * * *
You feel sick.
* * * LOW HITPOINT WARNING * * *
You feel sick.
* * * LOW HITPOINT WARNING * * *
You feel sick.
You die...

....###...................#
..........................#
..........................#
..........................#
................>.........#
....................."....#
..........................#
..........................#
...............(@(.......^#
...........(..............#
..........................#
..........................#
..........................#
................>.........#
####.#.#.#.#.##############
#.#.#.#.#.# #.#<....#.#


There were no monsters in sight!

Vanquished Creatures
  Nessos (Lair:4)
  Snorg (D:9)
  Harold (Lair:3)
  9 hydras
  A catoblepas (Lair:6)
  2 death yaks (Lair:5)
  A fire crab (Lair:6)
  A skeletal warrior (D:8)
  2 unseen horrors
  A hill giant (D:12)
  The ghost of rageheart7 the Cleaver, a novice HOFi (D:6)
  A necromancer (D:8)
  2 griffons
  An ugly thing (D:11)
  2 black mambas
  A centaur zombie (D:11)
  10 elephants
  10 spiny frogs
  5 komodo dragons
  A kobold demonologist (D:8)
  6 rime drakes
  A queen bee (Lair:2)
  A troll (Orc:1)
  5 polar bears
  6 blink frogs
  Grinder (D:4)
  A raiju (Lair:6)
  A spriggan (D:9)
  Sigmund (D:4)
  2 shadows (D:9)
  4 flying skulls
  3 wraiths
  Eustachio (D:5)
  29 yaks
  2 wyverns
  A basilisk (Lair:4)
  6 hippogriffs
  2 hungry ghosts
  2 wargs (Lair:6)
  Menkaure (D:5)
  A hell hound (Lair:6)
  14 water moccasins
  The ghost of rogsnak the Magician, an amateur DEWz (D:3)
  3 porcupines
  3 ice beasts
  4 slaves
  A sky beast (D:7)
  4 orc warriors
  12 black bears
  10 ogres
  4 phantoms
  6 wolves (Lair:6)
  12 crocodiles
  4 centaurs
  13 big kobolds
  18 giant frogs
  A wyvern skeleton (D:9)
  5 scorpions
  39 killer bees
  11 wights
  3 electric eels
  6 crimson imps
  4 giant frog zombies
  13 hounds
  4 jellies
  3 centaur skeletons
  2 giant frog skeletons
  13 orc priests
  6 iguanas
  11 orc wizards
  9 worker ants
  2 killer bee zombies (D:9)
  3 hound zombies
  A hound skeleton (D:9)
  3 howler monkey zombies
  4 worker ant zombies
  15 adders
  3 gnolls (D:7)
  A howler monkey skeleton (D:9)
  51 river rats
  3 shadow imps
  3 oozes
  4 adder skeletons
  3 adder zombies
  A worm (D:4)
  3 dart slugs
  7 giant geckos
  51 orcs
  7 bats
  9 giant cockroaches
  8 goblins
  3 hobgoblins
  10 jackals
  13 kobolds
  3 quokkas
  2 ball pythons
  10 giant newts
  A jackal skeleton (D:8)
  A quokka skeleton (D:9)
  2 quokka zombies
  5 rats
  5 fulminant prisms
  3 plants
610 creatures vanquished.

Vanquished Creatures (others)
  A human (D:5)
  A kobold (D:9)
  3 fulminant prisms
  19 fungi
  14 plants
38 creatures vanquished.

Grand Total: 648 creatures vanquished

Notes
Turn   | Place    | Note
-------+----------+-------------------------------------------
     0 | D:1      | rageheart7 the Felid Conjurer began the quest for the Orb.
     0 | D:1      | Reached XP level 1. HP: 7/7 MP: 4/4
   288 | D:1      | Reached XP level 2. HP: 11/11 MP: 6/6
   958 | D:2      | Reached XP level 3. HP: 9/14 MP: 7/7
  1561 | D:2      | Reached XP level 4. HP: 16/18 MP: 8/8
  1801 | D:2      | Learned a level 4 spell: Iskenderun's Mystic Blast
  1937 | D:2      | Reached skill level 5 in Conjurations
  1991 | D:3      | Noticed an orc warrior
  2166 | D:3      | Noticed rogsnak's ghost (amateur DEWz)
  2470 | D:2      | Reached XP level 5. HP: 12/21 MP: 2/9
  2671 | D:3      | Found a faded altar of an unknown god.
  2739 | D:3      | Found a shimmering altar of Xom.
  2902 | D:3      | Killed rogsnak's ghost
  2902 | D:3      | Gained mutation: You are covered in thick fur. (AC +2) [Felid growth]
  2902 | D:3      | Reached XP level 6. HP: 24/24 MP: 10/10
  3148 | D:4      | Noticed Grinder
  3153 | D:4      | Killed Grinder
  3339 | D:4      | Reached XP level 7. HP: 27/27 MP: 11/11
  3447 | D:4      | Noticed Sigmund
  3452 | D:4      | Killed Sigmund
  3825 | D:4      | Reached skill level 5 in Dodging
  3863 | D:4      | Found a glowing silver altar of Zin.
  3871 | D:4      | Got a faintly glowing robe
  4191 | D:5      | Entered Level 5 of the Dungeon
  4258 | D:5      | Found an ancient bone altar of Kikubaaqudgha.
  4261 | D:5      | Noticed a human
  4262 | D:5      | Killed a human
  4398 | D:5      | Found a shattered altar of Ashenzari.
  4402 | D:5      | Found a sacrificial altar of Ru.
  4422 | D:5      | Found an opulent altar of Gozag.
  4423 | D:5      | Found a hazy altar of Hepliaklqana.
  4424 | D:5      | Found a basalt altar of Yredelemnul.
  4427 | D:5      | Found a shadowy altar of Dithmenos.
  4428 | D:5      | Found a sparkling altar of Nemelex Xobeh.
  4596 | D:5      | Noticed Eustachio
  4755 | D:5      | Killed Eustachio
  4755 | D:5      | Reached XP level 8. HP: 31/31 MP: 12/12
  4850 | D:5      | Found a staircase to the Ecumenical Temple.
  4995 | Temple   | Entered the Ecumenical Temple
  5054 | Temple   | Became a worshipper of Vehumet
  5450 | D:5      | Noticed Menkaure
  5453 | D:5      | Killed Menkaure
  5966 | D:5      | Learned a level 3 spell: Stone Arrow
  5988 | D:6      | Noticed rageheart7's ghost (novice HOFi)
  6425 | D:6      | Noticed Pikel
  6459 | D:5      | HP: 1/31 [Pikel/whip of freezing (4)]
  6464 | D:5      | Slain by Pikel
  6465 | D:5      | Reached XP level 7. HP: 0/27 MP: 0/29
  6843 | D:6      | Reached XP level 8. HP: 27/31 MP: 12/12
  6900 | D:6      | Reached * piety under Vehumet
  6900 | D:6      | Offered knowledge of Freeze by Vehumet.
  7439 | D:6      | Reached skill level 1 in Earth Magic
  8392 | D:6      | Reached skill level 10 in Conjurations
  8523 | D:6      | Reached skill level 5 in Stealth
  9032 | D:6      | Killed rageheart7's ghost
  9032 | D:6      | Reached XP level 9. HP: 23/34 MP: 1/13
  9451 | D:6      | Learned a level 4 spell: Fulminant Prism
  9592 | D:7      | Reached ** piety under Vehumet
  9592 | D:7      | Offered knowledge of Throw Frost by Vehumet.
 10565 | D:8      | Noticed an elephant
 10566 | D:8      | Found a staircase to the Lair.
 11061 | D:8      | Offered knowledge of Static Discharge by Vehumet.
 11070 | D:8      | Learned a level 5 spell: Iskenderun's Battlesphere
 11220 | D:8      | Reached skill level 5 in Spellcasting
 11396 | D:8      | Reached XP level 10. HP: 37/37 MP: 19/19
 11579 | D:8      | Reached *** piety under Vehumet
 11651 | D:8      | Reached skill level 1 in Charms
 11966 | D:8      | Offered knowledge of Mephitic Cloud by Vehumet.
 11990 | D:7      | Learned a level 3 spell: Mephitic Cloud
 12130 | D:8      | Reached skill level 1 in Hexes
 12694 | D:9      | Found a staircase to the Orcish Mines.
 12863 | D:9      | Reached skill level 1 in Poison Magic
 12870 | D:9      | Reached **** piety under Vehumet
 12875 | D:9      | Got a twitching lead ring
 12998 | D:9      | Identified the ring of Mihippem {rC+ MR++} (You found it on level 9 of the Dungeon)
 13226 | D:9      | Found a glowing golden altar of the Shining One.
 13382 | D:9      | Reached skill level 5 in Hexes
 13393 | D:9      | Noticed a necromancer
 13393 | D:9      | Reached skill level 1 in Fighting
 13393 | D:9      | Reached skill level 1 in Unarmed Combat
 13432 | D:8      | Reached XP level 11. HP: 14/42 MP: 5/22
 13778 | D:9      | Offered knowledge of Irradiate by Vehumet.
 13871 | D:9      | Found a burning altar of Makhleb.
 13871 | D:9      | Found a hide-covered altar of Uskayaw.
 14001 | D:9      | Noticed a skeletal warrior
 14055 | D:8      | HP: 2/43 [wight/enchanted morningstar (6)]
 14873 | D:8      | Killed a skeletal warrior
 14908 | D:8      | Killed a necromancer
 15375 | D:9      | Learned a level 5 spell: Bolt of Draining
 15490 | D:10     | Entered Level 10 of the Dungeon
 15517 | D:10     | Noticed an unseen horror
 15521 | D:10     | Killed an unseen horror
 15686 | D:10     | Reached ***** piety under Vehumet
 15689 | D:10     | Offered knowledge of Delayed Fireball by Vehumet.
 15945 | D:10     | Found Cyn Luxt's Antique Weapon Boutique.
 16165 | D:11     | Noticed an unseen horror
 16169 | D:11     | Killed an unseen horror
 16169 | D:11     | Reached skill level 10 in Stealth
 16209 | D:11     | Reached skill level 5 in Unarmed Combat
 16398 | D:11     | Reached skill level 1 in Necromancy
 16401 | D:11     | Noticed a seven-headed hydra
 16806 | D:11     | Noticed a death knight
 16806 | D:11     | Noticed a skeletal warrior
 16806 | D:11     | Noticed a skeletal warrior
 16862 | D:11     | Killed a seven-headed hydra
 16862 | D:11     | Reached skill level 5 in Fighting
 17055 | D:11     | Noticed a green ugly thing
 17252 | D:12     | Noticed a hill giant
 17259 | D:12     | Killed a hill giant
 17259 | D:12     | Gained mutation: Your thick and shaggy fur keeps you warm. (AC +3, rC+) [Felid growth]
 17259 | D:12     | Reached XP level 12. HP: 51/51 MP: 16/23
 17965 | Lair:1   | Entered Level 1 of the Lair of Beasts
 18384 | Lair:1   | Learned a level 6 spell: Hydra Form
 18623 | Lair:1   | Reached skill level 1 in Transmutations
 18701 | Lair:1   | Reached skill level 2 in Transmutations
 18704 | Lair:1   | Noticed a five-headed hydra
 18712 | Lair:1   | Killed a five-headed hydra
 18712 | Lair:1   | Reached skill level 3 in Transmutations
 18874 | Lair:1   | Gained mutation: You evolve. [potion of mutation]
 18874 | Lair:1   | Gained mutation: You are partially covered in yellow scales. (AC +2) [potion of mutation]
 18874 | Lair:1   | Lost mutation: You are partially covered in yellow scales. (AC +2) [potion of mutation]
 18875 | Lair:1   | Gained mutation: You expend magic power (3 MP) to strengthen your wands. [potion of mutation]
 18875 | Lair:1   | Gained mutation: You have a pair of small horns on your head. [potion of mutation]
 18928 | Lair:2   | Offered knowledge of Conjure Ball Lightning by Vehumet.
 18930 | Lair:2   | Reached skill level 4 in Transmutations
 19158 | Lair:2   | Noticed an eight-headed hydra
 19173 | Lair:2   | Killed an eight-headed hydra
 19173 | Lair:2   | Reached skill level 10 in Dodging
 19173 | Lair:2   | Reached skill level 5 in Transmutations
 19817 | Lair:2   | Reached skill level 6 in Transmutations
 20287 | Lair:3   | Noticed Harold
 20293 | Lair:3   | Killed Harold
 20510 | Lair:3   | Reached skill level 7 in Transmutations
 20694 | Lair:3   | Noticed a five-headed hydra
 20700 | Lair:3   | Killed a five-headed hydra
 20700 | Lair:3   | Reached skill level 8 in Transmutations
 20794 | Lair:3   | Found a staircase to the Snake Pit.
 20845 | Lair:3   | Found a staircase to the Shoals.
 21750 | Lair:4   | Reached skill level 9 in Transmutations
 21898 | Lair:4   | Noticed a five-headed hydra
 21905 | Lair:4   | Killed a five-headed hydra
 21950 | Lair:4   | Offered knowledge of Venom Bolt by Vehumet.
 21950 | Lair:4   | Reached XP level 13. HP: 54/54 MP: 5/25
 22184 | Lair:4   | Reached skill level 10 in Transmutations
 22345 | Lair:4   | Noticed Nessos
 22357 | Lair:4   | Killed Nessos
 23052 | Lair:4   | Reached skill level 11 in Transmutations
 23455 | Lair:5   | Found a viscous altar of Jiyva.
 23458 | Lair:5   | Found a staircase to the Slime Pits.
 23656 | Lair:5   | Mangled by a spiny frog
 23657 | Lair:5   | Reached XP level 12. HP: -6/51 MP: 0/33
 24007 | Lair:5   | Noticed a death yak
 24014 | Lair:5   | Noticed a death yak
 24018 | Lair:5   | Noticed a death yak
 24020 | Lair:5   | Noticed a death yak
 24022 | Lair:5   | Killed a death yak
 24022 | Lair:5   | Reached skill level 12 in Transmutations
 24079 | Lair:4   | HP: 2/76 [poisoned by a spiny frog]
 24081 | Lair:4   | Succumbed to a spiny frog's poison
 24082 | Lair:4   | Reached XP level 11. HP: -1/72 MP: 4/32
 24124 | Lair:5   | Reached skill level 1 in Air Magic
 25372 | Lair:6   | Entered Level 6 of the Lair of Beasts
 26045 | Lair:6   | Reached XP level 12. HP: 51/51 MP: 22/25
 26056 | Lair:6   | Learned a level 5 spell: Venom Bolt
 26786 | Lair:6   | Offered knowledge of Poisonous Cloud by Vehumet.
 26789 | Lair:6   | Noticed a four-headed hydra
 26947 | Lair:6   | Killed a four-headed hydra
 27482 | Lair:6   | Reached skill level 10 in Spellcasting
 27694 | Lair:6   | Noticed a catoblepas
 27754 | Lair:6   | Killed a catoblepas
 27918 | Lair:6   | Gained mutation: Your muscles are strong. (Str +2) [evolution]
 28102 | Lair:6   | Noticed a five-headed hydra
 28111 | Lair:6   | Killed a five-headed hydra
 29068 | Lair:6   | Noticed a death yak
 29310 | Lair:6   | Noticed a death yak
 29634 | Lair:6   | Noticed a death yak
 29634 | Lair:6   | Noticed a death yak
 29635 | Lair:6   | Noticed a death yak
 29637 | Lair:6   | Noticed a death yak
 29639 | Lair:6   | Noticed a death yak
 29874 | Lair:5   | Killed a death yak
 30128 | Orc:1    | Entered Level 1 of the Orcish Mines
 30128 | Orc:1    | Found a roughly hewn altar of Beogh.
 30185 | Orc:1    | Noticed SkyDiva's ghost (journeyman HaFi)
 30479 | Orc:1    | Noticed Snorg
 30835 | D:9      | Gained mutation: You are resistant to electric shocks. (rElec) [evolution]
 30838 | D:9      | Killed Snorg
 31001 | D:9      | HP: 1/51 [poisoned by SkyDiva's ghost]
 31002 | D:9      | Succumbed to SkyDiva's ghost's poison

Vault maps used:
D:1:      shiori_shiawase
D:2:      first_bread
D:3:      lemuel_crystal_altar, ecumenical_altar_2, minmay_tree_intersection
D:4:      old_standard_altar, uniq_sigmund, uniq_grinder
D:5:      minitemple, tgw_kikubaaqudgha, uniq_eustachio, uniq_menkaure
D:6:      uniq_pikel
D:8:      david_lair_generic, serial_co_window_serial, co_window_paths_a,
          co_window_corner_a, co_window_of_opportunity_a,
          co_window_of_opportunity_a, co_window_corner_a, co_window_paths_a,
          co_window_of_opportunity_a, co_window_of_opportunity_b,
          co_window_broadway_c, co_window_corner_b, co_window_unsneaky_path_d,
          co_window_broadway_a, co_window_corner_b, co_window_4corner_b,
          co_window_paths_e, glass_columns_a, glass_columns_b, special_room
D:9:      hangedman_screamer, gammafunk_temple_overflow_statue, the_bakery,
          tso_metal_star
D:10:     serial_shops, shop, nicolae_lava_and_water
D:11:     hangedman_cross_veins
D:12:     serial_shops, nicolae_shop_trees
Temple:   cyrus_temple_forest
Lair:2:   special_room, disabler_island, grunt_megastairs_3
Lair:3:   shoals_dummy_entry, guppyfry_snake_entry_island, minivault_11,
          serial_bayou_shore_b, uniq_harold
Lair:4:   bh_autumn_forest_stairs, uniq_nessos
Lair:5:   slime_altar_1, serial_bayou_pond_b, minivault_23,
          cheibrodos_lair_reptile_den
Lair:6:   hangedman_lair_caniforms_friends, hangedman_lair_generics_rect
Orc:1:    basic_altar, guppyfry_library_mini, uniq_urug, uniq_snorg

Skill      XL: |  1  2  3  4  5  6  7  8  9 10 11 12 13 |
---------------+----------------------------------------+-----
Conjurations   | 4 5 6 7 8 10 11 | 11.0
Dodging        | 3 7 8 9 11 | 11.0
Stealth        | 5 7 10 | 10.8
Earth Magic    | 1 |  1.0
Spellcasting   | 5 7 8 10 | 10.9
Charms         | 4 |  4.6
Hexes          | 5 |  5.1
Poison Magic   | 1 2 3 |  3.4
Fighting       | 1 5 |  5.2
Unarmed Combat | 1 5 |  5.5
Necromancy     | 1 2 |  2.2
Transmutations | 12 11 | 12.1
Air Magic      | 2 |  2.1
Evocations     | |  0.2

Action                   |  1- 3 |  4- 6 |  7- 9 | 10-12 | 13-15 || total
-------------------------+-------+-------+-------+-------+-------++-------
Melee: Unarmed           |    73 |    81 |   131 |   404 |    50 ||   739
       Bite              |     4 |     3 |    14 |    36 |     2 ||    59
       Punch             |       |     1 |       |     4 |       ||     5
       Headbutt          |       |       |       |    31 |     4 ||    35
 Cast: Magic Dart        |    38 |    40 |    25 |       |       ||   103
       Iskenderun's Myst |       |    14 |   188 |   409 |    25 ||   636
       Stone Arrow       |       |       |    70 |    23 |       ||    93
       Fulminant Prism   |       |       |     4 |     4 |       ||     8
       Mephitic Cloud    |       |       |       |    23 |     1 ||    24
       Iskenderun's Batt |       |       |       |    28 |     2 ||    30
       Bolt of Draining  |       |       |       |   162 |    31 ||   193
       Venom Bolt        |       |       |       |    98 |       ||    98
       Hydra Form        |       |       |       |     1 |     2 ||     3
Evoke: Wand              |       |       |     3 |       |       ||     3
  Use: Scroll            |     6 |     4 |     5 |    17 |     2 ||    34
       Potion            |       |     2 |    10 |    18 |     3 ||    33
 Stab: Sleeping          |     6 |     4 |     2 |     4 |     4 ||    20
       Distracted        |     1 |       |     1 |     2 |       ||     4
       Invisible         |       |       |       |     7 |       ||     7
       Confused          |       |       |       |     3 |     1 ||     4
  Eat: Chunk             |     9 |     8 |    62 |   139 |    10 ||   228
       Pizza             |       |       |       |     2 |       ||     2
       Beef jerky        |       |       |       |     2 |       ||     2
Armor: Skin              |     3 |     7 |     7 |    72 |    15 ||   104
Dodge: Dodged            |    91 |    74 |   201 |   740 |    85 ||  1191
